 Dungeon Crawl Stone Soup version 0.25.0-46-gbd7b0854d2 (webtiles) character file.

Game seed: 8831225077815994064

345 funkygono the Cudgeler (level 6, -18/53 HPs)
             Began as a Minotaur Fighter on July 18, 2020.
             Demolished by an ogre
             ... wielding a +0 giant club
              (27 damage)
             ... on level 4 of the Dungeon.
             The game lasted 00:07:42 (2461 turns).

funkygono the Cudgeler (Minotaur Fighter)           Turns: 2461, Time: 00:07:42

Health: -18/53     AC:  7    Str: 22    XL:     6   Next: 32%
Magic:  5/5        EV:  9    Int:  5    God:
Gold:   160        SH: 10    Dex: 10    Spells: 5/5 levels left

rFire    + . .     SeeInvis .   a - +1 flail
rCold    . . .     Gourm    .   c - +0 kite shield
rNeg     . . .     Faith    .   m - +1 ring mail {rF+}
rPois    .         Spirit   .   (helmet restricted)
rElec    .         Reflect  .   (no cloak)
rCorr    .         Harm     .   (no gloves)
MR       .....                  (no boots)
Stlth    ..........             (no amulet)
HPRegen  0.17/turn              (no ring)
MPRegen  0.09/turn              (no ring)

@: no status effects
A: retaliatory headbutt, horns 2
a: no special abilities


You were on level 4 of the Dungeon.
You were not hungry.

You visited 1 branch of the dungeon, and saw 4 of its levels.

You collected 160 gold pieces.

Inventory:

Hand Weapons
 a - a +1 flail (weapon)
Missiles
 h - 29 arrows
 k - 47 stones (quivered)
Armour
 b - a +0 scale mail
 c - a +0 kite shield (worn)
 m - a +1 ring mail of fire resistance (worn)
Wands
 n - a wand of clouds (7)
Scrolls
 e - 4 scrolls of identify
 g - 5 scrolls of magic mapping
 j - a scroll of amnesia
 o - a scroll of blinking
 p - a scroll of remove curse
Potions
 i - a potion of stabbing
 l - a potion of lignification
 q - 2 potions of flight
Comestibles
 f - 10 rations


   Skills:
 + Level 4.4 Fighting
 + Level 5.6 Maces & Flails
 + Level 5.0 Armour
 + Level 1.3 Dodging
 + Level 4.9 Shields


You had 5 spell levels left.
You didn't know any spells.
Your spell library was empty.

Dungeon Overview and Level Annotations

Branches:
Dungeon (4/15)
 Temple: D:4-7

Altars:
Xom


Innate Abilities, Weirdness & Mutations

You reflexively headbutt those who attack you in melee.
You have a pair of horns on your head.


Message History

The ogre is heavily wounded.
You block the ogre's attack. The gnoll barely misses you.
You barely miss the ogre. You headbutt the ogre.
The ogre is severely wounded.
The gnoll hits you but does no damage. The ogre barely misses you.
You hit the ogre but do no damage.
The ogre is severely wounded.
The gnoll hits you from afar with a +0 spear.
You block the ogre's attack.
You hit the ogre.
The ogre is almost dead.
The gnoll hits you but does no damage. The ogre hits you with a +0 giant club!
* * * LOW HITPOINT WARNING * * *
You block the gnoll's attack.
You hit the ogre.
The ogre is almost dead.
The gnoll hits you but does no damage.
The ogre hits you with a +0 giant club!!
Ouch! That really hurt!
You die...

..#####..#.........
...##...#..........
###..#....#..#.....(
.###...........##......
.....................#
......#....#.....>...#
..........##.##..#...#
.........<....#..#...#
............####@O...###
...##.#........###g#...#.
#. ###.#####.)##.........
...##....<.g)........
.... #......###.....##
..##..##.....# .......
.............# .......
.........>..## .......
....#####....# .###...


You could see an ogre and a gnoll.

Vanquished Creatures
  Sigmund (D:3)
  A scorpion (D:4)
  An orc wizard (D:3)
  Terence (D:3)
  2 gnolls (D:4)
  3 adders
  2 worms
  2 dart slugs
  2 orcs (D:3)
  A bat (D:2)
  4 hobgoblins
  3 kobolds
  2 quokkas (D:4)
  A ball python (D:1)
  2 frilled lizards
  4 goblins
  7 rats
39 creatures vanquished.

Notes
Turn   | Place    | Note
-------+----------+-------------------------------------------
     0 | D:1      | funkygono the Minotaur Fighter began the quest for the Orb.
     0 | D:1      | Reached XP level 1. HP: 19/19 MP: 0/0
   361 | D:1      | Reached XP level 2. HP: 27/27 MP: 1/1
   924 | D:2      | Reached XP level 3. HP: 32/33 MP: 2/2
  1271 | D:3      | Noticed Sigmund
  1309 | D:3      | Noticed Terence
  1317 | D:3      | Killed Terence
  1317 | D:3      | Reached XP level 4. HP: 27/40 MP: 3/3
  1455 | D:3      | Killed Sigmund
  1455 | D:3      | Reached skill level 5 in Maces & Flails
  1455 | D:3      | Reached skill level 1 in Dodging
  1455 | D:3      | Reached XP level 5. HP: 44/46 MP: 4/4
  1502 | D:3      | Found a shimmering altar of Xom.
  1525 | D:3      | Reached XP level 6. HP: 51/53 MP: 5/5
  2001 | D:4      | Reached skill level 5 in Armour
  2461 | D:4      | Demolished by an ogre

Illustrated notes

Levels and vault maps discovered:
D:1:      ncdulo_wetmaze, layout_loops_ring
D:2:      layout_basic
D:3:      layout_rooms, xom_teletrap_fun, eino_tiny_chamber, uniq_sigmund,
          uniq_terence
D:4:      layout_cave_pools, marbit_many_paths, minmay_temple_entry_junction,
          first_ration

Skill      XL: |  1  2  3  4  5  6 |
---------------+-------------------+-----
Shields        | 4 |  4.9
Armour         | 4 5 |  5.0
Maces & Flails | 3 5 |  5.6
Fighting       | 4 |  4.4
Dodging        | 1 |  1.3

Action                   |  1- 3 |  4- 6 || total
-------------------------+-------+-------++-------
Melee: Flail             |    58 |    49 ||   107
       Headbutt          |     7 |    15 ||    22
  Use: Scroll            |     6 |     5 ||    11
       Potion            |       |     1 ||     1
  Eat: Chunk             |     1 |     3 ||     4
       Ration            |       |     1 ||     1
Armor: Scale mail        |    26 |    11 ||    37
       Ring mail         |       |     6 ||     6
Dodge: Dodged            |    16 |    19 ||    35
Block: Kite shield       |    34 |    37 ||    71
